 Dungeon Crawl Stone Soup version 0.27-a0-96-gb51a1d6fd6 (webtiles) character file.

Game seed: 14760274236261418687

340 knot the Chopper (level 6, -3/47 HPs)
             Began as a Demonspawn Berserker on Jan 19, 2021.
             Was a Believer of Trog.
             Slain by Pikel
             ... wielding a +2 whip of electrocution
              (17 damage)
             ... on level 3 of the Dungeon.
             The game lasted 00:04:40 (4399 turns).

knot the Chopper (Demonspawn Berserker)             Turns: 4399, Time: 00:04:41

Health: -3/47      AC:  3    Str: 17    XL:     6   Next: 30%
Magic:  0/6        EV: 12    Int: 11    God:    Trog [**....]
Gold:   183        SH:  0    Dex: 12    Spells: 5/5 levels left

rFire    . . .     SeeInvis .   a - +1 hand axe
rCold    . . .     Faith    .   (no shield)
rNeg     . . .     Spirit   +   b - +1 animal skin
rPois    +         Reflect  .   (no helmet)
rElec    .         Harm     .   (no cloak)
rCorr    .         Rampage  .   (no gloves)
Will     .....                  (no boots)
Stlth    +.........             (no amulet)
HPRegen  0.15/turn              u - ring of poison resistance
MPRegen  0.10/turn              q - +4 ring of slaying

@: no status effects
A: claws 1, magic shield
a: Renounce Religion, Berserk, Trog's Hand


You were on level 3 of the Dungeon.
You worshipped Trog.
Trog was pleased with you.
You visited 1 branch of the dungeon, and saw 4 of its levels.

You collected 183 gold pieces.

Inventory:

Hand Weapons
 a - a +1 hand axe (weapon)
Missiles
 d - 17 poisoned darts
 m - 130 stones
 s - 4 boomerangs (quivered)
Armour
 b - a +1 animal skin (worn)
Jewellery
 q - a +4 ring of slaying (right claw)
 r - an uncursed ring of wizardry
 u - a ring of poison resistance (left claw)
 w - a cursed ring of teleportation {unknown}
Scrolls
 c - 5 scrolls of teleportation
 i - 3 scrolls of magic mapping
 j - 3 scrolls of remove curse
 t - a scroll of enchant weapon
Potions
 e - 3 potions of curing {unknown}
 f - a potion of invisibility
 g - a potion of mutation {unknown}
 k - 2 potions of might {unknown}
 l - 3 potions of flight {unknown}
 n - a potion of brilliance
 o - a potion of heal wounds {unknown}


   Skills:
 - Level 3.0 Fighting
 * Level 5.8 Axes
 * Level 2.5 Throwing
 - Level 1.7 Armour
 - Level 1.7 Dodging


You had 5 spell levels left.
You didn't know any spells.
Your spell library was empty.

Dungeon Overview and Level Annotations

Branches:
Dungeon (4/15)
 Temple: D:4-7

Altars:

Annotations:
D:4 Pikel


Innate Abilities, Weirdness & Mutations

You have sharp fingernails.
When hurt, damage is shared between your health and your magic reserves.


Message History

The lemure barely misses you. The lemure hits you!
Found 18 arrows.
The lemure shouts!
The lemure barely misses you. The lemure hits you!
Pikel drinks a potion.
Pikel flickers and vanishes!
Deactivating autopickup; reactivate with Ctrl-A.
The lemure closely misses you. The lemure hits you!
The lemure closely misses you. Something hits you but does no damage.
There is a stone staircase leading up here.
The lemure closely misses you. Something hits you.
You climb upwards.
Reactivating autopickup.
There is a stone staircase leading down here.
Something hits you.
* * * LOW HITPOINT WARNING * * *
You are electrocuted!!
You die...

..........########
..........#......#
..........#......#
..........#......#
######.####......# ############
#.# #...>>.# ##.....#..... ####.#
#.<....# ##............ #....#
#...).5# #............. #....#
#.....@###.............
###....####......................
.........<.......................
###........###....##.............
###.....##.##...#...)............
...................##.......^....
.##.............##.###...........
............#...##.# #####.######
.........##....###.# ##...#


You could see a lemure.

Vanquished Creatures
  A phantom (D:4)
  A hound (D:4)
  Natasha (twice) (D:4)
  9 adders
  A howler monkey skeleton (D:4)
  3 worms
  4 dart slugs (D:1)
  7 bats
  7 giant cockroaches
  6 goblins
  8 hobgoblins
  A quokka (D:2)
  A ball python (D:3)
  15 frilled lizards
  7 kobolds
  3 rats
76 creatures vanquished.

Notes
Turn   | Place    | Note
-------+----------+-------------------------------------------
     0 | D:1      | knot the Demonspawn Berserker began the quest for the Orb.
     0 | D:1      | Reached XP level 1. HP: 18/18 MP: 1/1
   403 | D:1      | Reached skill level 3 in Axes
   418 | D:1      | Gained mutation: When hurt, damage is shared between your
                  | health and your magic reserves. [demonic ancestry]
   418 | D:1      | Reached XP level 2. HP: 24/24 MP: 2/2
   694 | D:1      | Reached ** piety under Trog
   810 | D:1      | Reached XP level 3. HP: 22/29 MP: 1/3
  1041 | D:2      | Reached skill level 4 in Axes
  2096 | D:2      | Reached XP level 4. HP: 30/35 MP: 2/4
  3178 | D:3      | Reached skill level 5 in Axes
  3572 | D:3      | Gained mutation: You have sharp fingernails. [demonic
                  | ancestry]
  3572 | D:3      | Reached XP level 5. HP: 39/41 MP: 5/5
  3784 | D:4      | Reached skill level 1 in Throwing
  3993 | D:4      | Noticed Natasha
  3998 | D:4      | Killed Natasha
  4047 | D:4      | Noticed a phantom
  4082 | D:4      | Killed a phantom
  4083 | D:4      | Reached XP level 6. HP: 29/47 MP: 4/6
  4126 | D:4      | Noticed Natasha
  4133 | D:4      | Killed Natasha
  4365 | D:4      | Noticed Pikel
  4399 | D:3      | Slain by Pikel

Illustrated notes

Levels and vault maps discovered:
D:1:      nzn_arrival_depleted_hourglass, layout_rooms, minmay_misc_feat_five,
          chequers_serial_rivers_room_b, minmay_lizard_pond
D:2:      layout_loops_ring
D:3:      layout_rooms
D:4:      layout_gridville, uniq_pikel, uniq_sigmund, uniq_natasha

Skill      XL: |  1  2  3  4  5 |
---------------+----------------+-----
Axes           | 3 4 5 |  5.8
Throwing       | 2 |  2.5
Fighting       | |  3.0
Armour         | |  1.7
Dodging        | |  1.7

Action                   |  1- 3 |  4- 6 || total
-------------------------+-------+-------++-------
Melee: Hand axe          |   123 |   110 ||   233
Throw: Dart              |       |    19 ||    19
       Boomerang         |       |    19 ||    19
Invok: Berserk           |     6 |     4 ||    10
       Trog's Hand       |       |     1 ||     1
  Use: Scroll            |       |     8 ||     8
 Stab: Sleeping          |     1 |     1 ||     2
Armor: Animal skin       |    26 |    19 ||    45
Dodge: Dodged            |    79 |    50 ||   129

Table legend: (Time is in decaauts)
 A = Elapsed time spent in this place.
 B = Non-inter-level travel time spent in this place.
 C = Inter-level travel time spent in this place.
 D = Time resting spent in this place.
 E = Time spent auto-exploring this place.
 F = Levels seen in this place.
 G = Mean time per level.
                   A        B        C        D        E       F      G
               +--------+--------+--------+--------+--------+-----+--------+
         Total |   4534 |   4454 |     80 |   1860 |   1999 |   4 | 1133.5 |
       Dungeon |   4534 |   4454 |     80 |   1860 |   1999 |   4 | 1133.5 |
               +--------+--------+--------+--------+--------+-----+--------+

Top non-repeatable levels by time:
     D:2: 1610 daAuts
     D:1: 1243 daAuts
     D:3: 1032 daAuts
     D:4: 647 daAuts
